 Dungeon Crawl Stone Soup version 0.30.0-29-ga12c61a403 (webtiles) character file.

Game seed: 15208626639655718303

9282 KamiKatze the Slicer (level 11, -9/58 HPs)
             Began as a Vine Stalker Fighter on June 3, 2023.
             Was a Believer of Uskayaw.
             Killed by divine providence
             ... invoked by an orc priest
              (14 damage)
             ... on level 10 of the Dungeon.
             The game lasted 00:35:10 (8295 turns).

KamiKatze the Slicer (Vine Stalker Fighter)         Turns: 8295, Time: 00:35:13

Health: -9/58      AC: 15    Str: 18    XL:     11   Next: 44%
Magic:  0/26       EV: 13    Int:  8    God:    Uskayaw [**....]
Gold:   320        SH: 11    Dex: 19    Spells: 13/17 levels left

rFire   . . .        a - +1 rapier
rCold   . . .        c - +0 buckler
rNeg    . . .        f - +3 ring mail
rPois   +            N - +2 helmet
rElec   .            D - +2 cloak {Stlth+}
rCorr   .            z - +0 pair of gloves
SInv    .            (no boots)
Will    +....        C - amulet of reflection
Stlth   +++          j - ring of magical power
HPRegen 1.09/turn    p - ring of poison resistance
MPRegen 0.20/turn

%: reflection, guardian spirit
@: no status effects
A: fangs 3, regeneration 1, magic shield, antimagic bite, no potion heal 2
a: Renounce Religion, Stomp, Line Pass


You were on level 10 of the Dungeon.
You worshipped Uskayaw.
Uskayaw was noncommittal.
You visited 2 branches of the dungeon, and saw 11 of its levels.
You also visited: Bailey.

You collected 629 gold pieces.
You spent 309 gold pieces at shops.

Inventory:

Hand Weapons
 a - a +1 rapier (weapon)
 O - the +1 flail of Ikafiar {freeze, Will+}
   (You found it on level 9 of the Dungeon)

   Will:      It increases your willpower.
Missiles
 d - 19 poisoned darts
 n - 2 curare-tipped darts (quivered)
 v - 2 throwing nets
Armour
 b - a +0 scale mail
 c - a +0 buckler (worn)
 f - a +3 ring mail (worn)
 m - a +0 chain mail
 z - a +0 pair of gloves (worn)
 D - a +2 cloak of stealth (worn)
 N - a +2 helmet (worn)
Jewellery
 j - a ring of magical power (left hand)
 p - a ring of poison resistance (right hand)
 C - an amulet of reflection (around neck)
 I - a ring of resist corrosion
Wands
 r - a wand of iceblast (31)
 y - a wand of flame (14)
 E - a wand of digging (12)
Scrolls
 g - 3 scrolls of teleportation
 i - a scroll of noise {unknown}
 k - 5 scrolls of vulnerability {unknown}
 o - a scroll of fog {unknown}
 w - a scroll of amnesia {unknown}
 x - a scroll of fear
 B - 3 scrolls of enchant armour {unknown}
 G - 2 scrolls of poison {unknown}
 J - a scroll of silence {unknown}
 K - 2 scrolls of enchant weapon
 L - 2 scrolls of magic mapping {unknown}
Potions
 e - a potion of lignification
 h - 7 potions of mutation
 l - 5 potions of magic
 q - 2 potions of flight
 s - 2 potions of ambrosia
 t - 9 potions of curing
 u - 3 potions of cancellation
 A - 3 potions of haste
 F - 5 potions of brilliance {unknown}
 H - a potion of resistance {unknown}
 M - a potion of attraction {unknown}
 P - a potion of might


   Skills:
 + Level 6.6 Fighting
 * Level 8.9 Short Blades
 - Level 2.4 Armour
 + Level 5.7 Dodging
 + Level 4.4 Stealth
 - Level 4.0 Shields
 + Level 3.9 Spellcasting
 + Level 3.9 Translocations
 * Level 7.5 Invocations
 - Level 3.0 Evocations


You had 13 spell levels left.
You knew the following spells:

 Your Spells              Type           Power      Damage    Failure   Level
a - Manifold Assault      Tloc           7%         N/A       77%         4

Your spell library contained the following spells:

 Spells                   Type           Power      Damage    Failure   Level
 Magic Dart               Conj           4%         1d3       54%         1
 Volatile Blastmotes      Fire/Tloc      8%         2d10      65%         3
 Searing Ray              Conj           2%         2d4       69%         2
 Dazzling Flash           Conj/Hex       2%         N/A       89%         3
 Iskenderun's Mystic Bla  Conj/Tloc      4%         2d3       96%         4
 Fulminant Prism          Conj/Hex       0%         3d5       100%        4
 Dispersal                Tloc           3%         N/A       100%        6
 Starburst                Conj/Fire      0%         6d3       100%        6
 Disjunction              Tloc           3%         N/A       100%        8


Dungeon Overview and Level Annotations

Branches:
Dungeon (10/15)            Temple (1/1) D:4            Lair (0/5) D:9
 Bailey (visited)
    Orc: D:9-12

Altars:
Ashenzari
Cheibriados
Dithmenos
Elyvilon
Fedhas
Gozag
Hepliaklqana
Kikubaaqudgha
Makhleb
Nemelex Xobeh
Okawaru
Qazlal
Ru
Sif Muna
Trog
Uskayaw
Vehumet
Wu Jian
Xom
Yredelemnul
Zin
The Shining One

Shops:
D:3 =   D:4 (*(!   D:6 (   D:8 [*

Portals:
Abyss: D:6

Annotations:
D:6 2 transporters, dertzug's ghost, novice MfBe


Innate Abilities, Weirdness & Mutations

You have razor-sharp teeth.
Your natural rate of healing is unusually fast.
When hurt, damage is shared between your health and your magic reserves.
Your bite disrupts and absorbs the magic of your enemies.
Potions cannot restore your health.


Message History

You hear an angry hiss.
You hit the orc wizard but do no damage.
The orc wizard is moderately wounded.
You block the orc warrior's attack.
The orc priest mumbles some strange prayers to Beogh against you.
Pain shoots through your body!
The shadow strikes at you from the darkness!
* * * LOW HITPOINT WARNING * * *
Reactivating autopickup.
The orc wizard gestures wildly while chanting.
The orc wizard flickers and vanishes!
Deactivating autopickup; reactivate with Ctrl-A.
A wyvern comes into view.
The wyvern hisses angrily.
You are too injured to fight recklessly!
You puncture the orc priest!
The orc priest is heavily wounded.
You block the orc warrior's attack.
The orc priest begins to cast a cantrip, but forgets the words!
The shadow misses you.
You can now pass through a line of other dancers.
You barely miss the orc priest.
The orc priest is heavily wounded.
You block the orc priest's attack. The shadow hits you!
* * * LOW HITPOINT WARNING * * *
The orc warrior misses you.
Unknown command.
The shadow attacks as you move away! The shadow hits you.
* * * LOW HITPOINT WARNING * * *
The orc priest invokes the aid of Beogh against you.
Beogh smites you!
* * * LOW HITPOINT WARNING * * *
You barely miss the shadow. Your bite misses the shadow.
The shadow is moderately damaged.
The orc priest calls down the wrath of Beogh upon you.
Beogh smites you!
* * * LOW HITPOINT WARNING * * *
The orc priest invokes the aid of Beogh against you.
Beogh smites you!
You die...

##+##### ##.......##
#.# ####.#### #.# #..#
### #.# #####..? #.#
#######..... #.#
#....#......
#.#########...##....
####.#.......'...#...#
.......#######..@#...#
.###..## #...WO..# ##
##.# #...#oc|# #.#
#...#yyo# #.#
#...##yoo. #.# ####+


oyl... #.# #..... #.# ##..( #.# ### You could see a centaur warrior, a
two-headed ogre, a wyvern, 4 vampire mosquitoes, a shadow, 2 orc priests, 2 orc
wizards and an orc.

Vanquished Creatures
  A two-headed ogre (D:9)
  An orc knight (Bailey)
  A wolf spider zombie (D:8)
  Maurice (D:10)
  3 centaur skeletons (D:8)
  Psyche (D:10)
  2 hellwings (D:8)
  Grinder (D:3)
  A hornet (D:9)
  Prince Ribbit (D:7)
  2 shadows (D:9)
  A meliai zombie (D:8)
  A wraith (D:10)
  2 steam dragons
  A water moccasin (D:9)
  2 ice beasts
  3 orc warriors
  3 sky beasts
  2 black bears (D:5)
  A hornet zombie (D:8)
  3 centaurs
  2 ogres (D:7)
  A phantom (D:5)
  4 bullfrogs
  A gnoll sergeant (D:8)
  2 scorpions
  4 wights (D:8)
  6 killer bees (D:9)
  3 howler monkeys
  4 electric eels (D:9)
  2 hounds
  6 centaur zombies (D:8)
  3 jellies
  Crazy Yiuf (D:6)
  8 orc priests
  2 gnoll boudas
  A sleepcap (D:7)
  3 iguanas
  8 orc wizards
  A boggart zombie (D:8)
  3 killer bee zombies (D:8)
  22 gnolls
  9 adders
  6 shadow imps
  2 white imps
  3 ufetubi
  2 worms
  2 dart slugs
  52 orcs
  10 endoplasms
  4 giant cockroaches
  12 goblins
  3 hobgoblins (D:2)
  4 jackals
  5 kobolds
  4 quokkas
  4 ball pythons
  9 bats
  3 frilled lizards
  7 rats
262 creatures vanquished.

Notes
Turn   | Place    | Note
-------+----------+-------------------------------------------
     0 | D:1      | KamiKatze the Vine Stalker Fighter began the quest for the
                  | Orb.
     0 | D:1      | Reached XP level 1. HP: 11/11 MP: 2/2
    80 | D:1      | Reached skill level 2 in Short Blades
   100 | D:1      | Reached XP level 2. HP: 16/16 MP: 3/3
   346 | D:1      | Reached XP level 3. HP: 17/19 MP: 4/4
   939 | D:2      | Reached skill level 1 in Dodging
   983 | D:2      | Gained mutation: Your natural rate of healing is unusually
                  | fast. [Vine Stalker growth]
   983 | D:2      | Reached XP level 4. HP: 21/24 MP: 5/5
  1364 | D:2      | Reached skill level 3 in Short Blades
  1521 | D:2      | Reached XP level 5. HP: 28/28 MP: 6/6
  1540 | D:3      | Learned a level 4 spell: Manifold Assault
  1695 | D:3      | Found a faded altar of an unknown god.
  1696 | D:3      | Noticed Grinder
  1708 | D:3      | Paralysed by Grinder for 5 turns
  1735 | D:3      | Paralysed by Grinder for 4 turns
  1754 | D:3      | Reached XP level 6. HP: 6/32 MP: 7/7
  1761 | D:3      | Killed Grinder
  1762 | D:3      | Reached skill level 4 in Short Blades
  1762 | D:3      | Reached XP level 7. HP: 8/37 MP: 8/8
  1962 | D:3      | Found Tovotarr's Jewellery Boutique.
  2296 | D:4      | Found Ilibib's Distillery.
  2307 | D:4      | Bought a potion of curing for 39 gold pieces
  2307 | D:4      | Bought a potion of degeneration for 13 gold pieces
  2311 | D:4      | Found a staircase to the Ecumenical Temple.
  2320 | Temple   | Entered the Ecumenical Temple
  2393 | D:4      | Found Usuyvam's Weapon Shop.
  2459 | D:4      | Found Ashro Feutt's Assorted Antiques.
  2464 | D:4      | Bought a scroll labelled BUESCH KINA for 30 gold pieces
  2585 | D:4      | Reached skill level 1 in Stealth
  2759 | D:4      | Found Urchia Dergho's Antique Weapon Boutique.
  3021 | D:5      | Entered Level 5 of the Dungeon
  3060 | D:5      | Reached skill level 1 in Spellcasting
  3095 | D:5      | Found an ornate altar of the Wu Jian Council.
  3095 | D:5      | Found a faded altar of an unknown god.
  3102 | D:5      | Found a bloodstained altar of Trog.
  3105 | D:5      | Found a blossoming altar of Fedhas.
  3107 | D:5      | Found a hide-covered altar of Uskayaw.
  3171 | D:5      | Became a worshipper of Uskayaw the Reveller
  3232 | D:5      | Reached * piety under Uskayaw
  3306 | D:5      | Reached ** piety under Uskayaw
  3313 | D:5      | Reached skill level 1 in Translocations
  3313 | D:5      | Reached skill level 1 in Evocations
  3313 | D:5      | Gained mutation: You have razor-sharp teeth. [Vine Stalker
                  | growth]
  3313 | D:5      | Reached XP level 8. HP: 34/42 MP: 10/10
  3317 | D:5      | Reached *** piety under Uskayaw
  3318 | D:5      | Reached skill level 5 in Short Blades
  3647 | D:5      | Found a snail-covered altar of Cheibriados.
  3647 | D:5      | Found a hazy altar of Hepliaklqana.
  3784 | D:6      | Found Meesilul's Weapon Shoppe.
  3937 | D:5      | Reached **** piety under Uskayaw
  3950 | D:6      | Reached ***** piety under Uskayaw
  4188 | D:6      | Found a transporter.
  4198 | D:6      | Found a transporter.
  4198 | D:6      | Found a one-way gate to the infinite horrors of the Abyss.
  4198 | D:6      | Noticed dertzug's ghost (novice MfBe)
  4210 | D:6      | Noticed an ancient zyme
  4501 | D:6      | Found a runed translucent door.
  4502 | D:6      | Noticed Crazy Yiuf
  4514 | D:6      | Killed Crazy Yiuf
  4586 | D:7      | Reached skill level 1 in Invocations
  4754 | D:7      | Reached XP level 9. HP: 29/46 MP: 13/13
  4962 | D:7      | Found a radiant altar of Vehumet.
  4996 | D:7      | Reached skill level 6 in Short Blades
  5160 | D:7      | Noticed Prince Ribbit
  5180 | D:7      | Killed Prince Ribbit
  5181 | D:7      | Reached skill level 5 in Fighting
  5705 | D:8      | Noticed a hellwing
  5706 | D:8      | Reached skill level 7 in Short Blades
  5717 | D:8      | Noticed a hellwing
  5718 | D:8      | Killed a hellwing
  5719 | D:8      | Reached XP level 10. HP: 40/51 MP: 15/15
  5772 | D:8      | Reached skill level 5 in Invocations
  5785 | D:8      | HP: 1/53 [something (4)]
  5792 | D:8      | HP: 2/53 [centaur warrior skeleton (3)]
  5843 | D:8      | HP: 2/53 [wolf spider zombie (4)]
  5848 | D:8      | HP: 2/53 [wolf spider zombie (2)]
  5851 | D:8      | Reached skill level 5 in Dodging
  5859 | D:8      | Reached skill level 8 in Short Blades
  5946 | D:8      | Found Ehubegri's Assorted Antiques.
  5954 | D:8      | Bought a scroll labelled LESCHET IMIJEPLIRU for 25 gold
                  | pieces
  6389 | D:8      | Found Coutead's Antique Armour Shoppe.
  6421 | D:8      | Bought a shiny helmet for 202 gold pieces
  6745 | D:9      | Noticed a two-headed ogre
  6837 | D:9      | Reached XP level 11. HP: 55/57 MP: 17/17
  6904 | D:9      | Identified the +1 flail of Ikafiar {freeze, Will+}
  6924 | D:9      | Found a staircase to the Lair.
  6991 | D:9      | Killed a two-headed ogre
  7268 | D:9      | Found a white marble altar of Elyvilon.
  7268 | D:9      | Found a glowing golden altar of the Shining One.
  7269 | D:9      | Found a stormy altar of Qazlal.
  7603 | D:10     | Entered Level 10 of the Dungeon
  7603 | D:10     | Noticed Maurice
  7622 | D:10     | Killed Maurice
  7688 | D:10     | Found a flagged portal.
  7703 | Bailey   | Entered a bailey
  7923 | Bailey   | Noticed an orc knight
  7957 | Bailey   | Killed an orc knight
  8091 | D:10     | Noticed Psyche
  8107 | D:10     | Killed Psyche
  8285 | D:10     | Noticed a two-headed ogre
  8288 | D:10     | Noticed a centaur warrior
  8295 | D:10     | Killed from afar by an orc priest

Illustrated notes

Levels and vault maps discovered:
D:1:      dpeg_arrival_more_subterranean_lakeside_camping, layout_rooms,
          chequers_serial_rivers_small_b
D:2:      layout_loops_ring, minmay_door_square
D:3:      layout_loops_cross, hellmonk_ecumenical_altar_pennies_from_heaven,
          serial_shops, nicolae_shop_gaudy_bauble, st_stairs_10, uniq_grinder
D:4:      layout_loops_ring, minmay_temple_entry_sparse_star, serial_shops,
          shop, nicolae_shop_crystal, shop, nicolae_shop_crystal
D:5:      minmay_chambers_of_fours, layout_rooms,
          chequers_temple_overflow_minitemple, gammafunk_temple_overflow_wave
D:6:      layout_gridville, serial_shops, nicolae_shop_hallway_stairs,
          gammafunk_ghost_abyssal_escape, uniq_crazy_yiuf_cottage
D:7:      layout_cave_pods, st_stairs_10, minmay_ruined_shrine,
          uniq_prince_ribbit1
D:8:      cheibrodos_grave_circle, layout_loops_ring, serial_shops, shop,
          nicolae_shop_temple_entry_statues_fountains, serial_undead,
          serial_undead_a, serial_undead_d, serial_undead_d, serial_undead_b,
          minmay_misc_feat_cross
D:9:      layout_basic, gammafunk_temple_overflow_claw, minmay_misc_feat_x
D:10:     layout_roguey, enter_bailey_3, minmay_misc_feat_alley,
          grunt_potential, uniq_nergalle, uniq_maurice, uniq_psyche
Temple:   compressed_dpeg_triangle_lava_temple

Skill      XL: |  1  2  3  4  5  6  7  8  9 10 11 |
---------------+----------------------------------+-----
Short Blades   | 2 3 4 5 7 8 |  8.9
Fighting       | 3 4 5 6 |  6.6
Shields        | 3 4 |  4.0
Dodging        | 1 2 3 4 5 |  5.7
Stealth        | 1 3 4 |  4.4
Spellcasting   | 1 2 3 |  3.9
Translocations | 1 2 3 |  3.9
Evocations     | 1 2 3 |  3.0
Invocations    | 1 4 6 7 |  7.5
Armour         | |  2.4

Action                     |  1- 3 |  4- 6 |  7- 9 | 10-12 || total
---------------------------+-------+-------+-------+-------++-------
  Melee: Rapier            |    82 |   147 |   452 |   392 ||  1073
         Bite              |    24 |    43 |   142 |   141 ||   350
  Evoke: Wand              |       |       |       |     5 ||     5
    Use: Potion            |       |     3 |     1 |       ||     4
         Scroll            |       |       |     6 |     3 ||     9
   Stab: Paralysed         |       |       |    13 |    16 ||    29
         Sleeping          |       |       |     1 |    13 ||    14
 Armour: Scale mail        |    30 |    72 |    12 |       ||   114
         Ring mail         |       |       |   117 |   117 ||   234
  Dodge: Dodged            |    35 |    58 |   189 |   191 ||   473
  Block: Buckler           |    13 |    26 |   192 |   230 ||   461
         Reflection        |       |       |     3 |     5 ||     8
